 Dungeon Crawl Stone Soup version 0.17-a0-1731-g129c023 (webtiles) character file.

727 HenryFlower the Changer (level 7, -1/43 HPs)
             Began as an Octopode Transmuter on Aug 29, 2015.
             Slain by a sky beast (6 damage)
             ... on level 4 of the Dungeon.
             The game lasted 00:11:23 (3390 turns).

HenryFlower the Changer (Octopode Transmuter)       Turns: 3390, Time: 00:11:23

Health: -1/43      AC:  2    Str:  9    XL:     7   Next: 72%
Magic:  8/10       EV: 19    Int: 18    God:
Gold:   188        SH:  0    Dex: 17    Spells: 3 memorised, 4 levels left

rFire  . . .     SeeInvis .       - Unarmed
rCold  . . .     Clarity  .     (shield currently unavailable)
rNeg   . . .     SustAt   .     (helmet currently unavailable)
rPois  x         Gourm    .     d - amulet of regeneration
rElec  .         Spirit   .     (no ring)
rCorr  .         Warding  .     (no ring)
rMut   .         Stasis   .     (no ring)
MR     .....                    (no ring)
Stlth  ++........               (no ring)
                                (no ring)
                                (no ring)
                                (no ring)

@: spider-form, not resistant to hostile enchantments, unstealthy
A: almost no armour, amphibious, 8 rings, (constrict 8), (camouflage 0),
(gelatinous body 0)
a: End Transformation


You were on level 4 of the Dungeon.
You were not hungry.
You were a venomous arachnid creature.
You visited 1 branch of the dungeon, and saw 4 of its levels.
You also visited: Sewer.

You collected 188 gold pieces.

Inventory:

Hand weapons
 y - a +0 blowgun
Missiles
 a - 36 arrows
 j - 6 tomahawks (quivered)
 z - 11 poisoned needles
Jewellery
 d - an amulet of regeneration (around neck)
 q - an uncursed amulet of resist mutation
Magical devices
 o - a wand of frost (17)
 t - a wand of slowing (21)
 u - a wand of draining (9)
 C - a wand of paralysis (5)
Scrolls
 e - 4 scrolls of remove curse {unknown}
 g - 2 scrolls of identify
 i - a scroll of fog {unknown}
 m - a scroll of teleportation {unknown}
 n - 3 scrolls of immolation {unknown}
 p - 2 scrolls of random uselessness {unknown}
 r - a scroll of magic mapping {unknown}
 s - a scroll of fear {unknown}
 B - a scroll of enchant armour {unknown}
Potions
 f - a potion of curing
 l - 3 potions of agility
 v - a potion of invisibility {unknown}
 w - a potion of magic {unknown}
 x - 3 potions of flight
 D - a potion of ambrosia {unknown}
Books
 b - a book of Changes

   Spells                             Type                      Level
   a - Beastly Appendage              Transmutation                1
   b - Sticks to Snakes               Transmutation                2
   c - Spider Form                    Transmutation/Poison         3
   d - Ice Form                       Ice/Transmutation            4
   e - Blade Hands                    Transmutation                5
Comestibles
 c - 3 bread rations
 k - 4 meat rations
 A - a chunk of flesh


   Skills:
 - Level 1.0 Fighting
 - Level 2.0 Dodging
 + Level 5.3 Unarmed Combat
 - Level 2.0 Spellcasting
 - Level 7.2 Transmutations


You had 4 spell levels left.
You knew the following spells:

 Your Spells              Type           Power        Failure   Level  Hunger
a - Beastly Appendage     Trmt           ####..       4%          1    #......
b - Sticks to Snakes      Trmt           ####......   6%          2    ###....
c - Spider Form           Trmt/Pois      ##........   32%         3    ###....


Dungeon Overview and Level Annotations

Branches:
Dungeon (4/15)
 Temple: D:4-7

Altars:
Dithmenos
Nemelex Xobeh
Qazlal
The Shining One


Innate Abilities, Weirdness & Mutations

You cannot wear most types of armour.
You are amphibious.
You can wear up to eight rings at the same time.
((You can use your tentacles to constrict eight enemies at once.))
((Your skin changes colour to match your surroundings (Stealth).))
((Your rubbery body absorbs attacks (AC +1).))


Message History

Read which item? (? for menu, Esc to quit)
Okay, then.
You hit something. The orc hits you but does no damage.
Something barely misses you. The orc hits you with a flail!
* * * LOW HITPOINT WARNING * * *
Unknown command.
Drink which item? (? for menu, Esc to quit)
You feel better.
You hear some strange, mumbled words.
The orc misses you. Something hits you.
* * * LOW HITPOINT WARNING * * *
Something shocks you.
* * * LOW HITPOINT WARNING * * *
Unknown command.
You barely miss the orc.
You hear some strange, mumbled words.
The orc barely misses you. The orc misses you. Something hits you.
* * * LOW HITPOINT WARNING * * *
Something shocks you.
You die...

#.# #.. #.# #..
##.#######.. ####
#........... #...
#..######... #..o
#.......'... #...
#...#####...
####...#######...#
#...
[.....{{s........#
#.).
.......oo........#
#...
##############...#
#... #...# #...
###...# #...
#.....# #...
#.#...### ####
#.#...#..
#######ยง##..#.#


You could see 2 orcs.

Vanquished Creatures
  A yak (D:4)
  Sigmund (D:2)
  A big kobold (Sewer)
  A scorpion (D:4)
  A centaur skeleton (D:3)
  A hound skeleton (D:4)
  9 adders
  3 gnolls
  3 river rats (Sewer)
  2 adder zombies (D:4)
  2 worms
  6 orcs
  7 goblins
  7 hobgoblins
  4 jackals
  A quokka (D:4)
  3 ball pythons
  6 bats
  5 giant cockroaches
  2 giant cockroach zombies (D:4)
  A giant gecko zombie (D:4)
  2 giant newts (D:1)
  13 kobolds
  A quokka skeleton (D:4)
  10 rats
93 creatures vanquished.

Vanquished Creatures (collateral kills)
  3 adders (D:2)
  A gnoll (D:2)
  A bat (D:2)
5 creatures vanquished.

Grand Total: 98 creatures vanquished

Notes
Turn   | Place    | Note
--------------------------------------------------------------
     0 | D:1      | HenryFlower the Octopode Transmuter began the quest for the Orb.
     0 | D:1      | Reached XP level 1. HP: 13/13 MP: 3/3
    75 | D:1      | Reached XP level 2. HP: 9/18 MP: 5/5
   320 | D:1      | Learned a level 2 spell: Sticks to Snakes
   678 | D:2      | Found a glowing golden altar of the Shining One.
   678 | D:2      | Found a stormy altar of Qazlal.
   682 | D:2      | Reached XP level 3. HP: 16/23 MP: 6/6
   739 | D:2      | Found a shadowy altar of Dithmenos.
   962 | D:2      | Reached skill level 4 in Transmutations
  1088 | D:2      | Reached XP level 4. HP: 17/28 MP: 1/7
  1305 | D:2      | Found a sparkling altar of Nemelex Xobeh.
  1465 | D:2      | Noticed Sigmund
  1472 | D:2      | Learned a level 3 spell: Spider Form
  1480 | D:2      | Killed Sigmund
  1480 | D:2      | Reached skill level 6 in Transmutations
  1480 | D:2      | Reached XP level 5. HP: 28/33 MP: 1/8
  1480 | D:2      | Reached XP level 6. HP: 32/38 MP: 1/9
  2211 | D:3      | Found a glowing drain.
  2225 | Sewer    | Entered a sewer
  2467 | Sewer    | Found a glowing silver altar of Zin.
  2617 | D:3      | Reached XP level 7. HP: 43/43 MP: 10/10
  3001 | D:4      | Noticed a yak
  3014 | D:4      | Killed a yak
  3014 | D:4      | Reached skill level 7 in Transmutations
  3195 | D:4      | Reached skill level 5 in Unarmed Combat
  3390 | D:4      | Slain by a sky beast

Vault maps used:
D:1:      minmay_arrival_three_doors, st_stairs_7
D:2:      minitemple, nicolae_dithmenos_shadow_blocks,
          lemuel_coloured_pillars_altar, uniq_sigmund
D:3:      kennysheep_big_flooded_room, portal_sewer_entry_d
D:4:      minmay_opposing_rooms, serial_undead, serial_undead_e,
          serial_undead_d, serial_undead_b, serial_undead_e
Sewer:    sewer_kobolds

Action                   |  1- 3 |  4- 6 |  7- 9 || total
-------------------------+-------+-------+-------++-------
Melee: Unarmed           |    64 |   127 |    75 ||   266
 Cast: Sticks to Snakes  |     9 |     7 |     1 ||    17
       Beastly Appendage |     1 |       |       ||     1
       Spider Form       |       |     6 |     6 ||    12
Evoke: Wand              |       |     1 |       ||     1
  Use: Scroll            |       |     3 |       ||     3
       Potion            |       |     1 |     3 ||     4
 Stab: Sleeping          |     4 |     6 |     3 ||    13
  Eat: Chunk             |     2 |     7 |       ||     9
       Meat ration       |       |       |     1 ||     1
